 Dungeon Crawl Stone Soup version 0.27.0-1-g7a089689b8 (webtiles) character file.

Game seed: 12268228697272880305

1058 gimp the Magician (level 8, 0/73 HPs)
             Began as a Tengu Warper on Aug 11, 2021.
             Was an Initiate of Vehumet.
             Killed from afar by a gnoll (7 damage)
             ... with a bolt of acid
             ... on level 5 of the Dungeon.
             The game lasted 00:13:52 (6499 turns).

gimp the Magician (Tengu Warper)                    Turns: 6499, Time: 00:13:53

Health: 0/73       AC: 20    Str: 18    XL:     8   Next: 27%
Magic:  18/18      EV:  2    Int: 15    God:    Vehumet [......]
Gold:   245        SH:  0    Dex: 14    Spells: 19/19 levels left

rFire    + . .     SeeInvis .   a - +0 spear
rCold    x . .     Faith    +   (no shield)
rNeg     + + +     Spirit   .   (armour currently unavailable)
rPois    +         Reflect  .   (helmet currently unavailable)
rElec    .         Harm     .   (cloak currently unavailable)
rCorr    .         Rampage  .   (gloves currently unavailable)
Will     .....     NoTele   +   (boots unavailable)
Stlth    +.........             s - amulet of faith
HPRegen  0.22/turn              o - +6 ring of strength
MPRegen  0.16/turn              e - ring of fire

@: lit by a corona, tree-form, corroded, glowing
A: stationary, stasis, torment immunity, boosted hp, (beak), (talons 3), nimble
flight
a: Renounce Religion


You were on level 5 of the Dungeon.
You worshipped Vehumet.
Vehumet was noncommittal.
You were a tree.
You visited 2 branches of the dungeon, and saw 7 of its levels.

You collected 245 gold pieces.

Inventory:

Hand Weapons
 a - a +0 spear (weapon)
Missiles
 d - 3 boomerangs of dispersal
 f - 7 poisoned darts
 w - 2 boomerangs (quivered)
Armour
 z - +0 steam dragon scales (melded)
Magical Staves
 y - a staff of air
Jewellery
 e - a ring of fire (right branch)
 n - a ring of positive energy
 o - a +6 ring of strength (left branch)
 s - an amulet of faith (around neck)
 t - an amulet of guardian spirit
Scrolls
 b - a scroll of enchant weapon {unknown}
 c - a scroll of blinking
 h - a scroll of magic mapping {unknown}
 j - 5 scrolls of identify
 m - 2 scrolls of fear {unknown}
 p - a scroll of fog {unknown}
 q - a scroll of teleportation
 v - a scroll of enchant armour {unknown}
Potions
 g - a potion of brilliance {unknown}
 i - 3 potions of lignification
 k - a potion of magic {unknown}
 l - a potion of might {unknown}
 r - a potion of haste {unknown}
 u - a potion of ambrosia {unknown}
 x - a potion of cancellation {unknown}


   Skills:
 - Level 5.0 Fighting
 - Level 2.1 Polearms
 - Level 1.0 Throwing
 - Level 1.1 Armour
 - Level 6.0 Dodging
 + Level 6.1 Spellcasting
 - Level 2.4 Translocations


You had 19 spell levels left.
You didn't know any spells.
Your spell library contained the following spells:

 Spells                   Type           Power      Damage    Failure   Level
 Blink                    Tloc           N/A        N/A       9%          2
 Gell's Gravitas          Tloc           5%         N/A       16%         3
 Lesser Beckoning         Tloc           5%         N/A       16%         3
 Teleport Other           Tloc           11%        N/A       16%         3
 Manifold Assault         Tloc           11%        N/A       83%         5


Dungeon Overview and Level Annotations

Branches:
Dungeon (6/15)             Temple (1/1) D:4

Altars:
Cheibriados
Dithmenos
Fedhas
Gozag
Kikubaaqudgha
Makhleb
Nemelex Xobeh
Okawaru
Qazlal
Ru
Sif Muna
Trog
Uskayaw
Vehumet
Wu Jian
Yredelemnul
Zin
The Shining One

Annotations:
D:2 Sigmund
D:3 Robin
D:4 2 runed translucent doors, JBAR's ghost, amateur OpEn
D:5 Menkaure


Innate Abilities, Weirdness & Mutations

You are a tree.
Your roots penetrate the ground, keeping you stationary.
You cannot be teleported.
You are immune to unholy pain and torment.
Your maximum health is greatly increased.
Your equipment is partially melded.
((You have a beak for a mouth.))
((You have claws for feet.))
Your magical nature lets you fly swiftly and evasively.


Message History

You take 2 damage, and have 27/49 hp.
Really quaff the potion of lignification?
You turn into a tree.
Your +0 steam dragon scales melds into your body.
Your roots penetrate the ground.
The gnoll hits you but does no damage.
You now have 40/73 hp.
You hit the gnoll.
The gnoll is moderately wounded.
The gnoll hits you with a +0 spear.
You take 4 damage, and have 36/73 hp.
You hit the gnoll but do no damage.
The gnoll is moderately wounded.
The gnoll zaps a wand.
The bolt of acid hits you!
You are splashed with acid!
* * * LOW HITPOINT WARNING * * *
You take 21 damage, and have 15/73 hp.
MASSIVE DAMAGE!!
You hit the gnoll but do no damage.
The gnoll is moderately wounded.
The gnoll zaps a wand.
The bolt of acid hits you but does no damage.
The acid corrodes you!
You are splashed with acid!
* * * LOW HITPOINT WARNING * * *
You take 8 damage, and have 7/73 hp.
Reach: a) +0 spear
Press: ? - help, Dir - move target, f - gnoll
Aim: a gnoll, wielding a +0 spear, wearing a +0 chain mail, quivering stones and carrying a wand of acid (6) (moderately wounded, about 26% to evade your +0 spear)
You hit the gnoll but do no damage.
The gnoll is moderately wounded.
The gnoll hits you but does no damage.
Reach: a) +0 spear
Press: ? - help, Dir - move target, f/p - gnoll
Aim: a gnoll, wielding a +0 spear, wearing a +0 chain mail, quivering stones and carrying a wand of acid (6) (moderately wounded, about 26% to evade your +0 spear)
Okay, then.
Reach: a) +0 spear
Press: ? - help, Dir - move target, f/p - gnoll
Aim: a gnoll, wielding a +0 spear, wearing a +0 chain mail, quivering stones and carrying a wand of acid (6) (moderately wounded, about 26% to evade your +0 spear)
You hit the gnoll but do no damage.
The gnoll is moderately wounded.
The gnoll zaps a wand.
The bolt of acid hits you!
You die...

###################
#>♣g...............
#..................
##############.####
#.# #.# #########.#
#.......#)#
#.####.##.# #.#
#.##.#


You could see a gnoll.

Vanquished Creatures
  A steam dragon (D:5)
  A necrophage (D:5)
  2 ogres
  2 bullfrogs (D:5)
  A scorpion (D:5)
  A water moccasin zombie (D:5)
  2 bullfrog skeletons
  2 centaur skeletons
  2 hounds
  Jessica (D:2)
  Terence (D:3)
  Natasha (D:2)
  5 adders
  5 gnolls
  A white imp (D:6)
  An adder skeleton (D:3)
  A worm (D:5)
  2 orcs
  A bat (D:2)
  4 endoplasms
  A giant cockroach (D:1)
  17 goblins
  7 hobgoblins
  8 jackals (D:1)
  10 kobolds
  A quokka (D:2)
  5 ball pythons
  2 frilled lizards
  6 rats
94 creatures vanquished.

Vanquished Creatures (others)
  2 plants
2 creatures vanquished.

Grand Total: 96 creatures vanquished

Notes
Turn   | Place    | Note
-------+----------+-------------------------------------------
     0 | D:1      | gimp the Tengu Warper began the quest for the Orb.
     0 | D:1      | Reached XP level 1. HP: 12/12 MP: 4/4
    69 | D:1      | Reached XP level 2. HP: 16/17 MP: 6/6
   279 | D:1      | Reached XP level 3. HP: 2/22 MP: 7/7
   845 | D:1      | Found a faded altar of an unknown god.
  1317 | D:2      | Noticed Jessica
  1325 | D:2      | Killed Jessica
  1326 | D:2      | Reached XP level 4. HP: 11/27 MP: 8/8
  1644 | D:2      | Noticed Natasha
  1648 | D:2      | Killed Natasha
  2116 | D:2      | Noticed Sigmund
  2310 | D:3      | Noticed Terence
  2319 | D:3      | Killed Terence
  2320 | D:3      | Reached skill level 5 in Dodging
  2320 | D:3      | Gained mutation: Your magical nature lets you fly swiftly
                  | and evasively. [Tengu growth]
  2320 | D:3      | Reached XP level 5. HP: 29/32 MP: 9/9
  2579 | D:3      | Noticed Robin
  2650 | D:3      | Noticed a black bear
  3348 | D:4      | Found a staircase to the Ecumenical Temple.
  3354 | Temple   | Entered the Ecumenical Temple
  3614 | Temple   | Became a worshipper of Vehumet
  3699 | D:4      | Found a large runed translucent door.
  3699 | D:4      | Found a large runed translucent door.
  3700 | D:4      | Noticed JBAR's ghost (amateur OpEn)
  3715 | D:4      | Noticed an ogre
  3735 | D:4      | Killed an ogre
  3736 | D:4      | Reached XP level 6. HP: 38/38 MP: 10/10
  4354 | D:5      | Entered Level 5 of the Dungeon
  4419 | D:5      | Noticed a steam dragon
  4726 | D:5      | Reached XP level 7. HP: 40/44 MP: 12/12
  5069 | D:5      | Reached skill level 5 in Fighting
  5123 | D:5      | Noticed Menkaure
  5379 | D:5      | Killed a steam dragon
  5702 | D:6      | Reached skill level 5 in Spellcasting
  5724 | D:5      | Reached XP level 8. HP: 32/49 MP: 15/17
  6499 | D:5      | Killed from afar by a gnoll

Illustrated notes

Levels and vault maps discovered:
D:1:      erik_arrival_triangle_small, layout_basic,
          dreamdust_ecumenical_altar_grove, hex_large
D:2:      kennysheep_six_static_rooms, layout_basic, roderic_three_in_a_row,
          uniq_sigmund, uniq_jessica, uniq_natasha
D:3:      corexii_shack_village, layout_basic, uniq_terence, uniq_robin
D:4:      layout_loops_ring, minmay_temple_entry_hall,
          ebering_ghost_disaster_area
D:5:      layout_basic, kennysheep_crisscross, uniq_menkaure
D:6:      layout_basic, serial_shops, nicolae_shop_crystal
Temple:   dpeg_five_rooms_temple

Skill      XL: |  1  2  3  4  5  6  7  8 |
---------------+-------------------------+-----
Dodging        | 3 4 5 6 |  6.0
Fighting       | 3 4 5 |  5.0
Spellcasting   | 3 5 6 |  6.1
Polearms       | |  2.1
Throwing       | |  1.0
Armour         | |  1.1
Translocations | |  2.4

Action                   |  1- 3 |  4- 6 |  7- 9 || total
-------------------------+-------+-------+-------++-------
Melee: Spear             |    95 |   146 |   100 ||   341
       Kick              |    23 |    27 |    28 ||    78
       Peck              |     8 |    20 |    18 ||    46
Throw: Dart              |       |    14 |    35 ||    49
       Boomerang         |       |       |     3 ||     3
  Use: Potion            |       |     1 |     1 ||     2
       Scroll            |       |       |     3 ||     3
 Stab: Sleeping          |       |     1 |     1 ||     2
Armor: Leather armour    |     9 |    24 |     7 ||    40
       Skin              |       |    12 |     3 ||    15
       Steam dragon scal |       |       |    10 ||    10
Dodge: Dodged            |    49 |    92 |    91 ||   232
